[Event "ICC tourney 1924 (15 5)"]
[Site "Internet Chess Club"]
[Date "2020.07.17"]
[Round "5"]
[White "siddham"]
[Black "eevee11"]
[Result "0-1"]
[ICCResult "White checkmated"]
[WhiteElo "1268"]
[BlackElo "1433"]
[Opening "Mieses opening"]
[ECO "A00"]
[NIC "VO.13"]
[Time "16:13:34"]
[TimeControl "900+5"]

1. d3 Nf6 2. d4 g6 3. Bf4 Bg7 4. e3 O-O 5. Nf3 Nc6 6. c3 d5 7. Bd3 Be6 8.
Nbd2 Qd7 9. a3 Rfd8 10. Ne5 Nxe5 11. Bxe5 c5 12. Qc2 cxd4 13. cxd4 Rac8 14.
Qd1 Bf5 15. Bxf5 Qxf5 16. Qb3 Ng4 17. f3 Nxe5 18. dxe5 Qxe5 19. Nf1 Qxb2 20.
Qxb2 Bxb2 21. Rb1 Rc1+ 22. Rxc1 Bxc1 23. Ng3 Bxa3 24. O-O d4 25. exd4 Rxd4
26. Ra1 Bc5 27. Kf1 b5 28. Rc1 Bb6 29. Rc8+ Kg7 30. Re8 e6 31. Rc8 b4 32.
Rc1 b3 33. Rb1 Rb4 34. Ne2 a5 35. Nc1 a4 36. h3 Be3 37. Nd3 Rb8 38. Ke2 Bd4
39. Kd2 a3 40. g4 a2 41. Kc1 axb1=Q+ 42. Kxb1 Kf6 43. Nc1 b2 44. Nd3 Kg5 45.
Nxb2 Rxb2+ 46. Kc1 Rh2 47. Kd1 Kf4 48. Ke1 Kxf3 49. Kd1 Ke3 50. Kc1 Kd3 51.
g5 Ba7 52. h4 Bb6 53. h5 gxh5 54. g6 hxg6 55. Kb1 Kc3 56. Ka1 Kb3 57. Kb1
Rh1# {White checkmated} 0-1

[Event "ICC tourney 1924 (15 5)"]
[Site "Internet Chess Club"]
[Date "2020.07.17"]
[Round "5"]
[White "AD2812"]
[Black "arjunbupeshnath"]
[Result "0-1"]
[ICCResult "White checkmated"]
[WhiteElo "1588"]
[BlackElo "1649"]
[Opening "Four knights: Spanish, classical defense"]
[ECO "C48"]
[NIC "KP.03"]
[Time "16:13:31"]
[TimeControl "900+5"]

1. e4 e5 2. Nf3 Nc6 3. Nc3 Nf6 4. Bb5 Bc5 5. Nxe5 Nxe5 6. d4 Nc6 7. dxc5 O-O
8. Bg5 h6 9. Bxf6 Qxf6 10. O-O a6 11. Bxc6 dxc6 12. f3 Be6 13. Qe2 Qd4+ 14.
Qf2 Qf6 15. f4 Bc4 16. Rfe1 Rfe8 17. Qf3 Rad8 18. b3 Be6 19. e5 Qg6 20. Rac1
Rd2 21. Ne4 Bd5 22. Qg3 Bxe4 23. Qxg6 Bxg6 24. c4 Rxa2 25. Rc3 b5 26. cxb5
axb5 27. g4 f5 28. e6 fxg4 29. Rg3 Bf5 30. Rge3 Rc2 31. e7 Rxc5 32. Rd1 Rd5
33. Rc1 Rd7 34. Rxc6 Rexe7 35. Rxe7 Rxe7 36. Rc5 b4 37. Rxf5 Re3 38. Rc5
Rxb3 39. Rxc7 Rb1+ 40. Kf2 b3 41. Rb7 b2 42. Ke2 Kh7 43. Kd2 Kg6 44. Kc2 Rh1
45. Kxb2 Rxh2+ 46. Kc3 h5 47. Kd3 h4 48. Rb5 g3 49. Rg5+ Kf6 50. Ke3 g2 51.
Kf2 h3 52. Kg1 Rh1+ 53. Kf2 Rf1+ 54. Ke3 g1=Q+ 55. Rxg1 Rxg1 56. Kf2 h2 57.
Ke3 h1=Q 58. Kf2 Qg2+ 59. Ke3 Re1+ 60. Kd4 Qf3 61. Kc5 Qxf4 62. Kb5 Re5+ 63.
Kc6 Qa4+ 64. Kb6 Qb5+ 65. Kc7 Qa6 66. Kd7 Re7+ 67. Kd8 Qa8# {White
checkmated} 0-1

[Event "ICC tourney 1924 (15 5)"]
[Site "Internet Chess Club"]
[Date "2020.07.17"]
[Round "5"]
[White "imstanley"]
[Black "LucSinton"]
[Result "1-0"]
[ICCResult "Black resigns"]
[WhiteElo "1382"]
[BlackElo "1370"]
[Opening "Queen's pawn, Mason variation"]
[ECO "D00"]
[NIC "QP.08"]
[Time "16:30:41"]
[TimeControl "900+5"]

1. d4 d5 2. Bf4 Bf5 3. Nf3 e6 4. e3 Nf6 5. c3 Bd6 6. Ne5 Bxe5 7. dxe5 Ne4 8.
f3 Nd6 9. exd6 cxd6 10. Nd2 O-O 11. Bg3 Qb6 12. Nb3 Qxe3+ 13. Be2 Bd3 14.
Qxd3 Qxd3 15. Bxd3 e5 16. O-O-O e4 17. fxe4 dxe4 18. Bxe4 Nc6 19. Bxd6 Rfd8
20. Rhe1 Rxd6 21. Rxd6 g6 22. Bxc6 bxc6 23. Rxc6 {Black resigns} 1-0

[Event "ICC tourney 1924 (15 5)"]
[Site "Internet Chess Club"]
[Date "2020.07.17"]
[Round "5"]
[White "lienegu"]
[Black "unigirl314"]
[Result "1-0"]
[ICCResult "Black checkmated"]
[WhiteElo "1397"]
[BlackElo "1310"]
[Opening "Ruy Lopez: classical defense, 4.c3"]
[ECO "C64"]
[NIC "RL.01"]
[Time "16:14:25"]
[TimeControl "900+5"]

1. e4 e5 2. Nf3 Nc6 3. Bb5 Bc5 4. c3 d6 5. O-O Nf6 6. d3 O-O 7. Re1 Qe7 8.
Be3 Bd7 9. Bxc5 dxc5 10. Bc4 Be6 11. Bxe6 fxe6 12. Qb3 b6 13. Nbd2 a6 14.
Nf1 Rad8 15. Rad1 Kh8 16. Ng3 Rd7 17. Qc4 b5 18. Qb3 Re8 19. h3 Qd8 20. Qc2
a5 21. a4 bxa4 22. Qxa4 Qa8 23. d4 exd4 24. cxd4 cxd4 25. Nxd4 Nxd4 26. e5
Red8 27. exf6 gxf6 28. Rxe6 Nxe6 29. Rxd7 Rxd7 30. Qxd7 Nc5 31. Qxc7 Nb3 32.
Nf5 Qg8 33. Qc3 a4 34. Qxf6+ Qg7 35. Qxg7# {Black checkmated} 1-0

[Event "ICC tourney 1924 (15 5)"]
[Site "Internet Chess Club"]
[Date "2020.07.17"]
[Round "5"]
[White "dmenon25"]
[Black "mxkuo"]
[Result "1-0"]
[ICCResult "Black checkmated"]
[WhiteElo "1187"]
[BlackElo "768"]
[Opening "Scotch opening"]
[ECO "C44"]
[NIC "KP.10"]
[Time "16:14:25"]
[TimeControl "900+5"]

1. e4 e5 2. Nf3 Nc6 3. d4 d6 4. d5 Nb8 5. Nc3 Nf6 6. Bg5 Be7 7. Bc4 Na6 8.
Bxa6 bxa6 9. O-O O-O 10. Qe2 h6 11. Be3 Bd7 12. Qxa6 Ng4 13. Qe2 a6 14. h3
Nxe3 15. Qxe3 Bg5 16. Qe2 Qf6 17. Nxg5 Qxg5 18. Qf3 Bxh3 19. Qxh3 h5 20.
Rad1 h4 21. g3 hxg3 22. Qxg3 Qh6 23. Rd3 f6 24. Qh3 Qg6+ 25. Rg3 Qf7 26. Qh4
Rfe8 27. Rh3 Qg6+ 28. Rg3 Qf7 29. Rh3 Qg6+ 30. Kh2 Kf7 31. Rg1 Qh6 32. Qxh6
gxh6 33. Rxh6 Kf8 34. Rh7 Re7 35. Rh8+ Kf7 36. Rxa8 a5 37. Rxa5 Ke8 38. Rg8+
Kd7 39. Raa8 Rh7+ 40. Kg1 Ke7 41. Rae8+ Kf7 42. Rgf8+ Kg7 43. Ra8 Rh6 44.
Rg8+ Kf7 45. Ra7 Kxg8 46. Rxc7 Rg6+ 47. Kf1 Kf8 48. Rd7 Ke8 49. Rxd6 Ke7 50.
Ra6 Kf7 51. d6 Kg7 52. d7 Kh6 53. d8=Q Kg5 54. Qd2+ Kg4 55. Ra8 Kf3 56. Qe3+
Kg4 57. Rh8 Rg5 58. Qh3+ Kf4 59. Rh4+ Rg4 60. Rxg4# {Black checkmated} 1-0

[Event "ICC tourney 1924 (15 5)"]
[Site "Internet Chess Club"]
[Date "2020.07.17"]
[Round "6"]
[White "nithin0628"]
[Black "lienegu"]
[Result "1-0"]
[ICCResult "Black resigns"]
[WhiteElo "1321"]
[BlackElo "1350"]
[Opening "Giuoco Piano"]
[ECO "C54"]
[NIC "IG.02"]
[Time "17:05:10"]
[TimeControl "900+5"]

1. e4 e5 2. Nf3 Nc6 3. Bc4 Bc5 4. c3 Nf6 5. d4 exd4 6. cxd4 Bb4+ 7. Bd2 Nxe4
8. Bxb4 Nxb4 9. Bxf7+ Kxf7 10. Qb3+ Kf8 11. Qxb4+ Qe7 12. Qxe7+ Kxe7 13. O-O
Nd6 14. Nc3 Re8 15. Rfe1+ Kf8 16. Nd5 c6 17. Rxe8+ Nxe8 18. Nc3 d5 19. Re1
Be6 20. Rxe6 {Black resigns} 1-0

[Event "ICC tourney 1924 (15 5)"]
[Site "Internet Chess Club"]
[Date "2020.07.17"]
[Round "6"]
[White "eevee11"]
[Black "vihar"]
[Result "1-0"]
[ICCResult "Black checkmated"]
[WhiteElo "1444"]
[BlackElo "1470"]
[Opening "Ruy Lopez: Berlin defense, Beverwijk variation"]
[ECO "C65"]
[NIC "RL.07"]
[Time "17:04:56"]
[TimeControl "900+5"]

1. e4 e5 2. Nf3 Nc6 3. Bb5 Nf6 4. O-O Bc5 5. Bxc6 bxc6 6. Nxe5 Nxe4 7. Qe2
d5 8. d3 Qe7 9. Nxc6 Qe6 10. dxe4 Qxc6 11. exd5+ Qe6 12. dxe6 Bxe6 13. Qb5+
Bd7 14. Qxc5 Rd8 15. Re1+ Be6 16. Qxc7 O-O 17. Qg3 Rfe8 18. Bh6 g6 19. Qe5
f6 20. Qxf6 Rd7 21. Nc3 Bf7 22. Qg7# {Black checkmated} 1-0

[Event "ICC tourney 1924 (15 5)"]
[Site "Internet Chess Club"]
[Date "2020.07.17"]
[Round "6"]
[White "arjunbupeshnath"]
[Black "Egkninja"]
[Result "1-0"]
[ICCResult "Black checkmated"]
[WhiteElo "1676"]
[BlackElo "1559"]
[Opening "Giuoco Piano: four knights variation"]
[ECO "C50"]
[NIC "IG.02"]
[Time "17:04:17"]
[TimeControl "900+5"]

1. e4 e5 2. Nf3 Nc6 3. Bc4 Bc5 4. Nc3 Nf6 5. O-O O-O 6. d3 h6 7. Re1 d6 8.
h3 Be6 9. Bb3 a5 10. a3 a4 11. Ba2 Bxa2 12. Rxa2 Re8 13. Be3 Nd4 14. b4 axb3
15. cxb3 Nxf3+ 16. Qxf3 Bxa3 17. Qg3 Nh5 18. Qf3 Nf6 19. Rea1 Bb2 20. Rxa8
Qd7 21. Rxe8+ Qxe8 22. Ra2 Bxc3 23. Qd1 d5 24. exd5 Nxd5 25. Qg4 Nxe3 26.
fxe3 Qb5 27. Qe4 Qxb3 28. Ra8# {Black checkmated} 1-0

[Event "ICC tourney 1924 (15 5)"]
[Site "Internet Chess Club"]
[Date "2020.07.17"]
[Round "6"]
[White "IsaacCumes"]
[Black "trdnjava7"]
[Result "1-0"]
[ICCResult "Black resigns"]
[WhiteElo "1467"]
[BlackElo "1396"]
[Opening "Two knights defense"]
[ECO "C58"]
[NIC "KP.01"]
[Time "17:04:19"]
[TimeControl "900+5"]

1. e4 e5 2. Nf3 Nc6 3. Bc4 Nf6 4. Ng5 d5 5. exd5 Na5 6. Bb5+ c6 7. dxc6 bxc6
8. Bd3 h6 9. Nf3 e4 10. Qe2 Be7 11. Bxe4 Nxe4 12. Qxe4 O-O 13. O-O Be6 14.
Nc3 c5 15. d4 Bc4 16. Re1 Bf6 17. dxc5 Re8 18. Qf4 Rxe1+ 19. Nxe1 Bxc3 20.
bxc3 Qd1 21. Bb2 Qe2 22. Nf3 Bxa2 23. Qa4 Rd8 24. h3 Bd5 25. Qxa5 Rb8 26.
Re1 Qxc2 27. Ba3 Rb1 28. Qd8+ Kh7 29. Qxd5 Rxe1+ 30. Nxe1 Qxc3 31. Qd3+ Qxd3
32. Nxd3 {Black resigns} 1-0

[Event "ICC tourney 1924 (15 5)"]
[Site "Internet Chess Club"]
[Date "2020.07.17"]
[Round "6"]
[White "dhavansai"]
[Black "dmenon25"]
[Result "0-1"]
[ICCResult "White checkmated"]
[WhiteElo "1144"]
[BlackElo "1215"]
[Opening "Four knights: Spanish, classical defense"]
[ECO "C48"]
[NIC "KP.03"]
[Time "17:04:19"]
[TimeControl "900+5"]

1. e4 e5 2. Nf3 Nc6 3. Nc3 Nf6 4. Bb5 Bc5 5. Bxc6 bxc6 6. O-O d6 7. d3 Bg4
8. a4 a5 9. Be3 Bxe3 10. fxe3 O-O 11. h3 Bh5 12. d4 exd4 13. exd4 d5 14.
exd5 cxd5 15. Qd3 Bg6 16. Qd2 Rb8 17. b3 Ne4 18. Nxe4 Bxe4 19. c4 Rxb3 20.
cxd5 Bxd5 21. Qc2 Rb8 22. h4 Bxf3 23. Rxf3 Qxd4+ 24. Kh2 Qe5+ 25. g3 Qxa1
26. g4 Rb2 27. Qxb2 Qxb2+ 28. Kg3 Qe5+ 29. Kf2 Rd8 30. Re3 Rd2+ 31. Kf3 Qf6+
32. Ke4 Qd4+ 33. Kf3 Rd3 34. Rxd3 Qxd3+ 35. Kf4 Qh3 36. Kg5 h6+ 37. Kh5 Kh7
38. g5 g6# {White checkmated} 0-1

[Event "ICC tourney 1924 (15 5)"]
[Site "Internet Chess Club"]
[Date "2020.07.17"]
[Round "6"]
[White "mxkuo"]
[Black "KingSpencer"]
[Result "0-1"]
[ICCResult "White checkmated"]
[WhiteElo "767"]
[BlackElo "1184"]
[Opening "Giuoco Piano"]
[ECO "C54"]
[NIC "IG.02"]
[Time "17:05:10"]
[TimeControl "900+5"]

1. e4 e5 2. Nf3 Nc6 3. Bc4 Bc5 4. c3 Nf6 5. d4 exd4 6. cxd4 Bb6 7. d5 Na5 8.
Bd3 Ng4 9. h3 Nxf2 10. Be3 Nxd1 11. Kxd1 Bxe3 12. Ke2 Bh6 13. e5 d6 14. exd6
cxd6 15. Nc3 Qe7+ 16. Kd1 Qe3 17. Bb5+ Bd7 18. Re1 Qxe1+ 19. Kxe1 Bxb5 20.
Nxb5 Rc8 21. Nxd6+ Kd7 22. Nxc8 Rxc8 23. Rd1 Nc4 24. b3 Ne3 25. Kf2 Nxd1+
26. Ke1 Rc1 27. Ne5+ Ke7 28. Ke2 Rc2+ 29. Kxd1 Rxg2 30. Nf3 f5 31. Ke1 Rxa2
32. d6+ Kxd6 33. Nd2 f4 34. Kf2 f3 35. Kxf3 Rxd2 36. b4 Rd5 37. Kg4 b6 38.
Kh4 a5 39. Kg4 axb4 40. h4 b3 41. Kh3 b2 42. Kg4 b1=Q 43. h5 Qf5+ 44. Kh4
Rd4+ 45. Kg3 Qg4+ 46. Kf2 Qf5+ 47. Kg3 Rg4+ 48. Kh2 Qxh5# {White checkmated}
0-1

[Event "ICC tourney 1924 (15 5)"]
[Site "Internet Chess Club"]
[Date "2020.07.17"]
[Round "6"]
[White "LucSinton"]
[Black "ehkuo"]
[Result "0-1"]
[ICCResult "White checkmated"]
[WhiteElo "1238"]
[BlackElo "854"]
[Opening "Giuoco Pianissimo"]
[ECO "C50"]
[NIC "IG.02"]
[Time "17:04:44"]
[TimeControl "900+5"]

1. e4 e5 2. Nf3 Nc6 3. Bc4 Bc5 4. d3 Nf6 5. Ng5 O-O 6. Qf3 h6 7. Bxf7+ Rxf7
8. Nxf7 Kxf7 9. Qg3 d6 10. O-O Be6 11. Nc3 d5 12. exd5 Bxd5 13. Nxd5 Qxd5
14. c4 Qd4 15. Rd1 Re8 16. Be3 Qd6 17. Bxc5 Qxc5 18. d4 Qxc4 19. dxe5 Rxe5
20. Rdc1 Qe2 21. Re1 Qxe1+ 22. Rxe1 Rxe1# {White checkmated} 0-1

[Event "ICC tourney 1924 (15 5)"]
[Site "Internet Chess Club"]
[Date "2020.07.17"]
[Round "6"]
[White "AD2812"]
[Black "BellaBu"]
[Result "1-0"]
[ICCResult "Black checkmated"]
[WhiteElo "1603"]
[BlackElo "1363"]
[Opening "Sicilian: closed"]
[ECO "B23"]
[NIC "SI.44"]
[Time "17:04:16"]
[TimeControl "900+5"]

1. e4 c5 2. Nc3 e6 3. Nf3 d5 4. exd5 exd5 5. d4 c4 6. b3 Bb4 7. Bd2 Bxc3 8.
Bxc3 b5 9. a4 bxa4 10. Rxa4 Bd7 11. Ra2 cxb3 12. cxb3 Nc6 13. Ne5 Nxe5 14.
dxe5 Ne7 15. Be2 O-O 16. Bb4 Rb8 17. Bxe7 Qxe7 18. Rxa7 Qxe5 19. Rxd7 Qe6
20. Rxd5 Ra8 21. O-O Rfb8 22. Re1 Ra3 23. Bc4 Qc6 24. Rd8+ Qe8 25. Rdxe8+
Rxe8 26. Rxe8# {Black checkmated} 1-0

[Event "ICC tourney 1924 (15 5)"]
[Site "Internet Chess Club"]
[Date "2020.07.17"]
[Round "6"]
[White "JaithD"]
[Black "rishikanti"]
[Result "1-0"]
[ICCResult "Black checkmated"]
[WhiteElo "1483"]
[BlackElo "1477"]
[Opening "Caro-Kann: advance variation"]
[ECO "B12"]
[NIC "CK.04"]
[Time "17:04:42"]
[TimeControl "900+5"]

1. e4 c6 2. d4 d5 3. e5 Bf5 4. Nc3 e6 5. Nf3 c5 6. Be3 Nc6 7. Bd3 Bg6 8.
Bxg6 hxg6 9. O-O Be7 10. Qd2 Nh6 11. dxc5 Qc7 12. Nb5 Qb8 13. Nd6+ Bxd6 14.
cxd6 Ng4 15. Qc3 Qd8 16. h3 Nh6 17. b4 Nf5 18. b5 Na5 19. Bg5 Qb6 20. Qc7
Qxc7 21. dxc7 Rc8 22. Bd8 Nc4 23. a4 Nb6 24. a5 Na8 25. b6 a6 26. c3 Kd7 27.
Nd4 Nxd4 28. cxd4 Kc6 29. Rfc1+ Kb5 30. Rab1+ Kxa5 31. Rc5+ Ka4 32. Rc2
Rhxd8 33. Ra2# {Black checkmated} 1-0

[Event "ICC tourney 1924 (15 5)"]
[Site "Internet Chess Club"]
[Date "2020.07.17"]
[Round "6"]
[White "KingYap"]
[Black "nihas204"]
[Result "0-1"]
[ICCResult "White checkmated"]
[WhiteElo "1285"]
[BlackElo "1299"]
[Opening "Giuoco Piano"]
[ECO "C50"]
[NIC "IG.02"]
[Time "17:04:19"]
[TimeControl "900+5"]

1. e4 e5 2. Nf3 Nc6 3. Bc4 Bc5 4. O-O d6 5. h3 Nf6 6. Nc3 O-O 7. d3 h6 8.
Be3 Nd4 9. Re1 Nxf3+ 10. Qxf3 Bb4 11. a3 Ba5 12. b4 Bb6 13. a4 Bxe3 14. fxe3
c6 15. Rf1 d5 16. exd5 cxd5 17. Nxd5 Nxd5 18. Bxd5 Qg5 19. g4 h5 20. Kh2
hxg4 21. hxg4 Bxg4 22. Qg3 Qh5+ 23. Kg1 Qh3 24. Qxh3 Bxh3 25. Rf3 Rad8 26.
Bxb7 Bg4 27. Rg3 Bc8 28. Bxc8 Rxc8 29. c4 Rcd8 30. Rd1 e4 31. Kf2 Rxd3 32.
Rh1 Rc3 33. Rgh3 f6 34. Rh8+ Kf7 35. R8h4 Rxc4 36. Rb1 Rb8 37. Rd1 Rcxb4 38.
Rd7+ Ke6 39. Rxa7 g5 40. Rhh7 g4 41. Rhg7 f5 42. Rge7+ Kf6 43. Rf7+ Kg5 44.
Rg7+ Kh4 45. Raf7 Rb2+ 46. Kf1 Rb1+ 47. Ke2 R8b2# {White checkmated} 0-1

[Event "ICC tourney 1924 (15 5)"]
[Site "Internet Chess Club"]
[Date "2020.07.17"]
[Round "6"]
[White "rhadean"]
[Black "siddham"]
[Result "1-0"]
[ICCResult "Black resigns"]
[WhiteElo "1295"]
[BlackElo "1235"]
[Opening "King's pawn game"]
[ECO "C50"]
[NIC "IG.03"]
[Time "17:04:16"]
[TimeControl "900+5"]

1. e4 e5 2. Nf3 Nc6 3. Bc4 h6 4. d4 exd4 5. Nxd4 Nxd4 6. Qxd4 d6 7. Qd5 Qe7
8. Nc3 c6 9. Qd3 d5 10. Bb3 dxe4 11. Qxe4 Qxe4+ 12. Nxe4 Bf5 13. f3 Bb4+ 14.
Bd2 Bxd2+ 15. Nxd2 Nf6 16. O-O-O O-O 17. Rhe1 Rfe8 18. Nc4 Rxe1 19. Rxe1 b5
20. Ne3 Re8 21. Kd2 Rd8+ 22. Ke2 Re8 23. Kf2 Be6 24. Bxe6 Rxe6 25. Ng4 Nxg4+
26. fxg4 Re2+ 27. Rxe2 {Black resigns} 1-0

[Event "ICC tourney 1924 (15 5)"]
[Site "Internet Chess Club"]
[Date "2020.07.17"]
[Round "6"]
[White "MatthewBuniskis"]
[Black "eternaldhatu"]
[Result "0-1"]
[ICCResult "White resigns"]
[WhiteElo "1354"]
[BlackElo "1512"]
[Opening "Sicilian: Sozin, not Scheveningen"]
[ECO "B57"]
[NIC "SI.48"]
[Time "17:05:10"]
[TimeControl "900+5"]

1. e4 c5 2. Bc4 d6 3. Nc3 Nc6 4. Nf3 Nf6 5. d4 cxd4 6. Nxd4 Nxd4 7. Qxd4 g6
8. Qd1 Bg7 9. Bd2 O-O 10. O-O Bg4 11. Be2 Bxe2 12. Qxe2 Re8 13. Rad1 Rc8 14.
a4 d5 15. e5 Ne4 16. Nxe4 dxe4 17. Qxe4 a5 18. Qxb7 Bxe5 19. Bf4 Bd6 20.
Bxd6 exd6 21. Qb5 Rxc2 22. b4 axb4 23. Qxb4 Rce2 24. a5 R2e4 25. Rd4 Rxd4
26. Qxd4 Qxa5 27. Qxd6 Qe5 28. Qc6 Qe1 29. h3 Qe6 30. Qxe6 Rxe6 31. g4 f6
32. f4 f5 33. g5 Kg7 34. Rd1 Re7 35. Kg2 h6 36. Kg3 hxg5 37. fxg5 Re5 38.
Kf4 Re2 39. Rh1 Rf2+ 40. Kg3 Re2 41. h4 Re3+ 42. Kf4 Rc3 43. Rh2 Rc4+ 44.
Kg3 Rg4+ 45. Kh3 Rd4 46. Re2 f4 47. Re7+ Kg8 48. Kg4 Rc4 49. h5 gxh5+ 50.
Kxh5 f3 51. g6 f2 52. Rf7 Rc2 53. g7 Kxf7 {White resigns} 0-1

[Event "ICC tourney 1924 (15 5)"]
[Site "Internet Chess Club"]
[Date "2020.07.17"]
[Round "6"]
[White "Tanvi02"]
[Black "imstanley"]
[Result "1-0"]
[ICCResult "Black checkmated"]
[WhiteElo "1633"]
[BlackElo "1368"]
[Opening "Four knights: Spanish, classical defense"]
[ECO "C48"]
[NIC "KP.03"]
[Time "17:05:10"]
[TimeControl "900+5"]

1. e4 Nc6 2. Nf3 e5 3. Nc3 Nf6 4. Bb5 Bc5 5. O-O d6 6. d4 exd4 7. Nxd4 Bxd4
8. Qxd4 Bd7 9. Bxc6 Bxc6 10. Re1 Qe7 11. e5 dxe5 12. Rxe5 Qxe5 13. Qxe5+ Kd8
14. Bg5 Kc8 15. Bxf6 gxf6 16. Qxf6 Rd8 17. Qxf7 b6 18. Qxh7 Kb7 19. Rd1
Rxd1+ 20. Nxd1 Rd8 21. Qh5 Re8 22. Ne3 Rb8 23. h3 Be8 24. Qd5+ Bc6 25. Qf7
Rc8 26. Nd5 Be8 27. Qf5 Bc6 28. Ne7 Rb8 29. Nxc6 Kxc6 30. Qe4+ Kd7 31. c4
Kc8 32. f4 c5 33. f5 Kd7 34. Qe6+ Kd8 35. Qg8+ Kc7 36. Qxb8+ Kxb8 37. f6 Kb7
38. f7 Ka6 39. f8=Q Ka5 40. Qa8 Kb4 41. Qxa7 Kxc4 42. Qxb6 Kd5 43. a4 Kc4
44. a5 Kd5 45. a6 Kc4 46. a7 Kd5 47. a8=Q+ Kc4 48. Qe4# {Black checkmated}
1-0

[Event "ICC tourney 1924 (15 5)"]
[Site "Internet Chess Club"]
[Date "2020.07.17"]
[Round "6"]
[White "Sophych"]
[Black "knightseu"]
[Result "0-1"]
[ICCResult "White checkmated"]
[WhiteElo "1095"]
[BlackElo "1250"]
[Opening "Giuoco Piano: Greco's attack"]
[ECO "C54"]
[NIC "IG.02"]
[Time "17:04:21"]
[TimeControl "900+5"]

1. e4 e5 2. Nf3 Nc6 3. Bc4 Bc5 4. c3 Nf6 5. d4 exd4 6. cxd4 Bb4+ 7. Nc3 Nxe4
8. Bd2 Nxc3 9. bxc3 Ba5 10. O-O O-O 11. Qc2 d5 12. Ng5 f5 13. Bd3 a6 14. c4
Bb6 15. Nf3 Nxd4 16. Qd1 Nxf3+ 17. Qxf3 dxc4 18. Bxc4+ Kh8 19. Bc3 Qg5 20.
Rfe1 Ba7 21. Rad1 b5 22. Qxa8 bxc4 23. Qxa7 f4 24. f3 Bg4 25. Re5 Bf5 26.
Rde1 h6 27. Re7 Rg8 28. Qxc7 Bh3 29. R1e2 Bf5 30. Bxg7+ Rxg7 31. Qd8+ Kh7
32. R2e5 Qxg2# {White checkmated} 0-1

[Event "ICC tourney 1924 (15 5)"]
[Site "Internet Chess Club"]
[Date "2020.07.17"]
[Round "6"]
[White "unigirl314"]
[Black "amqueen"]
[Result "1-0"]
[ICCResult "Black checkmated"]
[WhiteElo "1336"]
[BlackElo "1211"]
[Opening "Sicilian defense"]
[ECO "B30"]
[NIC "SI.31"]
[Time "17:04:24"]
[TimeControl "900+5"]

1. e4 c5 2. Nf3 Nc6 3. Bc4 g6 4. Ng5 e6 5. O-O Bg7 6. d3 Nge7 7. Bf4 O-O 8.
Nc3 Nd4 9. Nf3 b6 10. Nxd4 Bxd4 11. e5 Nc6 12. Re1 Qh4 13. Bg3 Qg5 14. Qe2
Qd8 15. Kh1 Qc7 16. f4 Bb7 17. Nd1 Na5 18. c3 Nxc4 19. dxc4 Qc6 20. cxd4
cxd4 21. Rf1 Ba6 22. Qf3 Qxc4 23. Rg1 Qc2 24. b3 d3 25. Ne3 Qc5 26. Rac1 Qa3
27. Nc4 Qc5 28. Nd2 Qb4 29. Rgd1 Rab8 30. Ra1 Qb5 31. a4 Qb4 32. Qe4 Qc5 33.
Rdc1 Qb4 34. Qxb4 Bc8 35. Ne4 Bb7 36. Nf6+ Kg7 37. Bh4 h6 38. Qe1 g5 39.
fxg5 hxg5 40. Bxg5 Rh8 41. Qg3 Kf8 42. Nxd7+ Ke8 43. Nxb8 Rg8 44. Qxd3 Rxg5
45. Qd7+ Kf8 46. Qxb7 Rxe5 47. Rc8+ Kg7 48. h3 Kg6 49. Rg8+ Kf6 50. Nd7+ Ke7
51. Nxe5+ Kf6 52. Ng4+ Kf5 53. Rf1# {Black checkmated} 1-0

[Event "ICC tourney 1924 (15 5)"]
[Site "Internet Chess Club"]
[Date "2020.07.17"]
[Round "6"]
[White "RoPac"]
[Black "Siritnt"]
[Result "0-1"]
[ICCResult "White checkmated"]
[WhiteElo "1396"]
[BlackElo "1388"]
[Opening "Sicilian: closed"]
[ECO "B23"]
[NIC "SI.44"]
[Time "17:04:18"]
[TimeControl "900+5"]

1. e4 c5 2. Nc3 d6 3. f4 Nf6 4. Nf3 g6 5. Bc4 Bg7 6. O-O O-O 7. d3 Nc6 8.
Be3 a6 9. a4 Bg4 10. h3 Bxf3 11. Qxf3 e6 12. Bf2 Re8 13. Rfd1 Na5 14. Ba2
Nc6 15. d4 cxd4 16. Bxd4 Nxd4 17. Rxd4 Qb6 18. Qe3 e5 19. fxe5 dxe5 20. Rd3
Qxb2 21. Rb1 Qa3 22. Rxb7 Qf8 23. Bxf7+ Kh8 24. Bxe8 Nxe8 25. Qf2 Qa3 26.
Ra7 Qc1+ 27. Rd1 Rxa7 28. Qxa7 Qg5 29. Qa8 Qe7 30. Nd5 Qf7 31. Rf1 Qd7 32.
Nf6 Bxf6 33. Rxf6 Kg7 34. Qc6 Nxf6 35. Qxd7+ Nxd7 36. Kf2 Nc5 37. a5 Nxe4+
38. Ke3 Nc5 39. c4 Kf6 40. g4 Nb3 41. Ke4 Nxa5 42. Kd5 h5 43. gxh5 gxh5 44.
c5 Kf5 45. h4 Kf4 46. c6 Nxc6 47. Kxc6 e4 48. Kb6 e3 49. Kxa6 e2 50. Kb6
e1=Q 51. Kc6 Qd2 52. Kc5 Qd3 53. Kb4 Qc2 54. Kb5 Ke4 55. Kb4 Kd4 56. Kb5
Qc5+ 57. Ka4 Qb6 58. Ka3 Kc3 59. Ka4 Qb4# {White checkmated} 0-1

[Event "ICC tourney 1924 (15 5)"]
[Site "Internet Chess Club"]
[Date "2020.07.17"]
[Round "6"]
[White "NMHartman"]
[Black "shripat2020"]
[Result "0-1"]
[ICCResult "White checkmated"]
[WhiteElo "1495"]
[BlackElo "1480"]
[Opening "Giuoco Pianissimo"]
[ECO "C50"]
[NIC "IG.02"]
[Time "17:04:15"]
[TimeControl "900+5"]

1. e4 e5 2. Nf3 Nc6 3. Bc4 Bc5 4. d3 d6 5. Ng5 Qf6 6. Qf3 Qxf3 7. gxf3 Nf6
8. Bxf7+ Kf8 9. Bc4 Bd7 10. Ne6+ Bxe6 11. Bxe6 Nd4 12. Bb3 a5 13. a4 b5 14.
axb5 Nxb5 15. c3 Ke7 16. Bc4 Rhb8 17. Bxb5 Rxb5 18. b4 Bb6 19. bxa5 Rbxa5
20. Rxa5 Rxa5 21. Kd2 Ra2+ 22. Kd1 Ra1 23. Kc2 Ra2+ 24. Kb3 Rxf2 25. Bg5
Rxf3 26. Bxf6+ gxf6 27. Kc4 Bc5 28. Nd2 Rf2 29. Nb3 Kd7 30. Nxc5+ dxc5 31.
Kxc5 Rf3 32. Kc4 Rf4 33. h4 h5 34. Kd5 c6+ 35. Kc5 Rf3 36. Kc4 Kd6 37. d4
Rf4 38. Kd3 c5 39. d5 f5 40. Re1 Rf3+ 41. Kd2 fxe4 42. Rxe4 Kxd5 43. Ra4
Rf2+ 44. Ke3 Rc2 45. Ra3 Rh2 46. Ra4 Rh3+ 47. Kd2 e4 48. c4+ Kd4 49. Ke2
Rxh4 50. Ra3 Rf4 51. Rh3 h4 52. Kd2 Kxc4 53. Ke3 Rg4 54. Rh1 Kd5 55. Rd1+
Ke5 56. Rc1 Rg3+ 57. Kf2 Kf4 58. Rxc5 h3 59. Rh5 e3+ 60. Ke2 Kg4 61. Rh6 Kg5
62. Rh7 Kg4 63. Rg7+ Kf4 64. Rf7+ Ke4 65. Re7+ Kf5 66. Rf7+ Kg6 67. Rf8 Kg7
68. Rf4 Kg6 69. Rh4 Kg5 70. Rh8 Rg2+ 71. Kxe3 Kg4 72. Rg8+ Kh5 73. Rh8+ Kg4
74. Rg8+ Kh4 75. Rh8+ Kg3 76. Rg8+ Kh2 77. Rh8 Rg3+ 78. Kf2 Rg2+ 79. Kf3
Rg3+ 80. Kf2 Rg2+ 81. Kf3 Rg3+ 82. Kf2 Rg2+ 83. Kf3 Rg3+ 84. Kf2 Rg2+ 85.
Kf1 Rg3 86. Kf2 Rg2+ 87. Kf3 Rg3+ 88. Kf2 Rg2+ 89. Kf1 Rg1+ 90. Kf2 Rg3 91.
Rh4 Rg2+ 92. Kf1 Rg1+ 93. Kf2 Rg2+ 94. Kf3 Rg3+ 95. Kf2 Rg2+ 96. Kf1 Rg1+
97. Kf2 Rg2+ 98. Kf3 Rg3+ 99. Kf2 Rg2+ 100. Kf1 Rg1+ 101. Ke2 Rg2+ 102. Ke3
Rg3+ 103. Kf2 Rg2+ 104. Kf3 Rg3+ 105. Ke2 Rg2+ 106. Kd1 Rg3 107. Ke2 Kg2
108. Rf4 h2 109. Rf2+ Kh3 110. Rf1 Rg1 111. Rf8 h1=Q 112. Rh8+ Kg2 113. Rxh1
Rxh1 114. Ke3 Rf1 115. Ke4 Rf2 116. Ke5 Rf3 117. Ke4 Kg3 118. Ke5 Rf4 119.
Ke6 Kg4 120. Ke7 Kg5 121. Ke6 Rf5 122. Ke7 Rf6 123. Kd7 Kf5 124. Ke7 Ke5
125. Kd7 Re6 126. Kc7 Rd6 127. Kb7 Kd5 128. Kc7 Kc5 129. Kb7 Rc6 130. Ka7
Rb6 131. Ka8 Kc6 132. Ka7 Kc7 133. Ka8 Ra6# {White checkmated} 0-1

[Event "ICC tourney 1924 (15 5)"]
[Site "Internet Chess Club"]
[Date "2020.07.17"]
[Round "7"]
[White "rishikanti"]
[Black "nithin0628"]
[Result "1-0"]
[ICCResult "Black checkmated"]
[WhiteElo "1497"]
[BlackElo "1311"]
[Opening "Queen's pawn: London system"]
[ECO "A45"]
[NIC "QP.07"]
[Time "18:01:55"]
[TimeControl "900+5"]

1. d4 Nf6 2. Bf4 g6 3. Nc3 Bg7 4. e4 d6 5. Qd2 O-O 6. Bh6 e5 7. Bxg7 Kxg7 8.
h4 exd4 9. Qxd4 Re8 10. h5 Bf5 11. h6+ Kg8 12. O-O-O Nxe4 13. Qg7#
{Black checkmated}
1-0